 Dungeon Crawl Stone Soup version 0.21.1-1-g345015f (webtiles) character file.

216 wojtek the Chopper (level 5, -9/46 HPs)
             Began as a Minotaur Fighter on July 22, 2018.
             Mangled by a gnoll sergeant
             ... wielding a +6 spear of freezing
              (14 damage)
             ... on level 6 of the Dungeon.
             The game lasted 00:03:39 (2958 turns).

wojtek the Chopper (Minotaur Fighter)               Turns: 2958, Time: 00:03:40

Health: -9/46      AC:  8    Str: 21    XL:     5   Next: 61%
Magic:  4/4        EV:  8    Int:  5    God:
Gold:   136        SH:  9    Dex: 10    Spells: 4/4 levels left

rFire    . . .     SeeInvis .   a - +0 war axe
rCold    . . .     Gourm    .   c - +0 shield
rNeg     . . .     Faith    .   b - +0 scale mail
rPois    .         Spirit   .   (helmet restricted)
rElec    .         Reflect  .   y - +0 cloak
rCorr    .         Harm     .   (no gloves)
MR       .....                  (no boots)
Stlth    ..........             (no amulet)
HPRegen  0.15/turn              (no ring)
MPRegen  0.09/turn              (no ring)

@: no status effects
A: retaliatory headbutt, horns 2
a: no special abilities


You were on level 6 of the Dungeon.
You were hungry.

You visited 1 branch of the dungeon, and saw 6 of its levels.

You collected 136 gold pieces.

Inventory:

Hand Weapons
 a - a +0 war axe (weapon)
Armour
 b - a +0 scale mail (worn)
 c - a +0 shield (worn)
 y - a +0 cloak (worn)
Jewellery
 g - an uncursed ring of protection from magic {unknown}
 m - an uncursed amulet of rage {unknown}
Scrolls
 e - 8 scrolls of identify {unknown}
 j - 2 scrolls of remove curse
 o - a scroll of amnesia
 p - a scroll of immolation {unknown}
 q - 2 scrolls of magic mapping {unknown}
 s - a scroll of fog {unknown}
 t - 2 scrolls of teleportation {unknown}
 u - a scroll of fear {unknown}
 w - a scroll of blinking {unknown}
Potions
 d - a potion of might
 h - a potion of lignification {unknown}
 i - a potion of ambrosia {unknown}
 k - 2 potions of agility {unknown}
 l - a potion of invisibility {unknown}
 n - a potion of brilliance {unknown}
 v - a potion of heal wounds {unknown}
 x - a potion of magic {unknown}
 z - a potion of flight {unknown}
 A - a potion of mutation {unknown}
Books
 r - a book of Minor Magic

   Spells                             Type                      Level
   a - Magic Dart                     Conjuration                  1
   b - Blink                          Translocation                2
   c - Call Imp                       Summoning                    2
   d - Slow                           Hexes                        2
   e - Conjure Flame                  Conjuration/Fire             3
   f - Mephitic Cloud                 Conjuration/Poison/Air       3
Comestibles
 f - 8 rations


   Skills:
 + Level 4.0 Fighting
 + Level 6.1 Axes
 + Level 4.0 Armour
 + Level 1.2 Dodging
 + Level 4.1 Shields


You had 4 spell levels left.
You didn't know any spells.

Dungeon Overview and Level Annotations

Branches:
Dungeon (6/15)
 Temple: D:4-7

Altars:
Elyvilon
Yredelemnul

Portals:
Ossuary: D:6

Annotations:
D:3 ogre
D:4 wojtek's ghost, amateur BaFi


Innate Abilities, Weirdness & Mutations

You reflexively headbutt those who attack you in melee.
You have a pair of horns on your head.


Message History

The gnoll sergeant freezes you.
* * * LOW HITPOINT WARNING * * *
The bullfrog barely misses you. You furiously retaliate!
You headbutt the bullfrog. The gnoll sergeant barely misses you.
You block the bullfrog's attack.
As you read the scroll labeled LOTAER DUIPOS, it crumbles to dust.
You feel blessed for a moment.
It was a scroll of remove curse.
The bullfrog closely misses you. You furiously retaliate!
You headbutt the bullfrog.
The gnoll sergeant hits you from afar with a spear of freezing.
* * * LOW HITPOINT WARNING * * *
The gnoll sergeant freezes you.
* * * LOW HITPOINT WARNING * * *
Unknown command.
As you read the scroll labeled PENGUR GUBOPON, it crumbles to dust.
It is a scroll of amnesia.
You feel forgetful for a moment.
The bullfrog hits you but does no damage.
The gnoll sergeant hits you from afar with a spear of freezing!
You die...

### #.. #.> ..
.. ..# ###
##### ##.#
#...#...# ...
#.∩.#.>.####
#.#
#..@#..####..#
####Fgggp#..#
#####gp.##
##...#
#.#...%..
####.####...
#F..g# ...
#.g.#### ..
...p.g. #


You could see 2 slaves, a gnoll sergeant, a bullfrog and 3 gnolls.

Vanquished Creatures
  2 orc wizards
  A worker ant (D:4)
  3 adders (D:3)
  A howler monkey skeleton (D:5)
  An ooze (D:1)
  3 dart slugs (D:1)
  2 worms
  4 leopard geckos (D:3)
  5 orcs
  3 giant cockroaches
  9 goblins
  4 hobgoblins
  7 jackals
  4 kobolds
  2 quokkas
  A ball python skeleton (D:4)
  9 bats
  11 frilled lizards
  8 rats
80 creatures vanquished.

Notes
Turn   | Place    | Note
-------+----------+-------------------------------------------
     0 | D:1      | wojtek the Minotaur Fighter began the quest for the Orb.
     0 | D:1      | Reached XP level 1. HP: 19/19 MP: 0/0
    79 | D:1      | Reached skill level 3 in Axes
    87 | D:1      | Reached XP level 2. HP: 18/26 MP: 1/1
   469 | D:1      | Reached skill level 4 in Axes
   475 | D:1      | Reached XP level 3. HP: 31/31 MP: 2/2
   782 | D:2      | Found a basalt altar of Yredelemnul.
  1184 | D:2      | Reached skill level 5 in Axes
  1242 | D:2      | Found a white marble altar of Elyvilon.
  1518 | D:3      | Reached XP level 4. HP: 33/39 MP: 3/3
  1780 | D:3      | Noticed an ogre
  2326 | D:4      | Reached XP level 5. HP: 41/46 MP: 4/4
  2443 | D:4      | Reached skill level 6 in Axes
  2468 | D:4      | Noticed wojtek's ghost (amateur BaFi)
  2479 | D:3      | Reached skill level 1 in Dodging
  2822 | D:5      | Entered Level 5 of the Dungeon
  2936 | D:5      | You fall through a shaft!
  2942 | D:6      | Noticed a slave
  2942 | D:6      | Noticed a slave
  2951 | D:6      | Found a sand-covered staircase.
  2958 | D:6      | Mangled by a gnoll sergeant

Skill      XL: |  1  2  3  4  5 |
---------------+----------------+-----
Axes           | 3 4 5 6 |  6.1
Shields        | 4 |  4.1
Fighting       | 4 |  4.0
Armour         | 4 |  4.0
Dodging        | 1 |  1.2

Action                   |  1- 3 |  4- 6 || total
-------------------------+-------+-------++-------
Melee: War axe           |   120 |    86 ||   206
       Headbutt          |    12 |    15 ||    27
  Use: Scroll            |       |     2 ||     2
  Eat: Chunk             |     2 |     4 ||     6
Armor: Scale mail        |    40 |    46 ||    86
Dodge: Dodged            |    41 |    26 ||    67
Block: Shield            |    62 |    51 ||   113
